 Dungeon Crawl Stone Soup version 0.22.0-16-gc6d26f69f9 (webtiles) character file.

5018 Htamos the Summoner (level 10, 14/46 HPs)
             Began as a Felid Summoner on Aug 18, 2018.
             Was a Priest of Sif Muna.
             Quit the game on level 1 of the Lair of Beasts.
             The game lasted 01:02:04 (20559 turns).

Htamos the Summoner (Felid Summoner)               Turns: 20559, Time: 01:02:04

Health: 14/46      AC:  2    Str:  4    XL:     10   Next: 30%
Magic:  18/23      EV: 25    Int: 20    God:    Sif Muna [***...]
Gold:   911        SH:  0    Dex: 17    Spells: 4/14 levels left
                                        Lives:  1   Deaths: 2

rFire    . . .     SeeInvis +   (weapon unavailable)
rCold    . . .     Gourm    .   (shield unavailable)
rNeg     . . .     Faith    .   (armour unavailable)
rPois    .         Spirit   .   (helmet unavailable)
rElec    .         Reflect  .   (cloak unavailable)
rCorr    .         Harm     .   (gloves unavailable)
MR       +....                  (boots unavailable)
Stlth    +++.......             (no amulet)
HPRegen  0.15/turn              p - ring of wizardry
MPRegen  0.18/turn              y - ring of magical power

@: quick
A: very small, no armour, no weapons or thrown items, stealth, claws 1, fangs 3,
see invisible, carnivore, speed 1, shaggy fur 2, slow metabolism 1, sharp paws
a: Divine Energy, Channel Magic, Renounce Religion


You were on level 1 of the Lair of Beasts.
You worshipped Sif Muna.
Sif Muna was most pleased with you.
You were not hungry.

You visited 4 branches of the dungeon, and saw 16 of its levels.

You collected 911 gold pieces.

Inventory:

Jewellery
 c - an uncursed ring of resist corrosion
 k - an uncursed ring of ice
 p - a ring of wizardry (left paw)
 v - an uncursed ring of protection from fire
 w - an uncursed ring of magical power
 y - a ring of magical power (right paw)
 B - an uncursed ring of fire
Wands
 z - a wand of polymorph (31)
 C - a wand of random effects (19)
Scrolls
 d - 3 scrolls of magic mapping
 e - 7 scrolls of teleportation
 g - 2 scrolls of fear
 h - 6 scrolls of amnesia
 l - a scroll of blinking
 m - a scroll of torment {unknown}
 n - 7 scrolls of identify
 o - 4 scrolls of fog
 x - 5 scrolls of remove curse
Potions
 a - 3 potions of flight {unknown}
 i - a potion of mutation
 j - 5 potions of lignification
 q - a potion of might
 s - a potion of haste
 u - a potion of magic
 A - 2 potions of degeneration {unknown}
Comestibles
 b - 31 rations


   Skills:
 + Level 6.8 Fighting
 + Level 9.5 Dodging
 + Level 3.8 Stealth
 + Level 2.5 Spellcasting
 + Level 14.6 Summonings
 + Level 1.3 Air Magic


You had 4 spell levels left.
You knew the following spells:

 Your Spells              Type           Power        Failure   Level  Hunger
a - Summon Small Mammal   Summ           ####         1%          1    None
b - Call Imp              Summ           ######..     1%          2    ##.....
c - Call Canine Familiar  Summ           ######..     1%          3    ###....
d - Summon Lightning Spi  Summ/Air       ####....     2%          4    ####...

Your spell library contained the following spells:

 Spells                   Type           Power        Failure   Level  Hunger
 Cause Fear               Hex            #.........   50%         4    ####...
 Slow                     Hex            #.......     9%          2    ##.....
 Confuse                  Hex            #.......     17%         3    ###....
 Summon Ice Beast         Ice/Summ       ####....     3%          4    ####...
 Tukima's Dance           Hex            #.......     17%         3    ###....
 Spider Form              Tmut/Pois      #.........   17%         3    ###....
 Blade Hands              Tmut           #.........   82%         5    ######.
 Ice Form                 Ice/Tmut       #.......     50%         4    ####...
 Sticks to Snakes         Tmut           #.......     9%          2    ##.....
 Ensorcelled Hibernation  Hex/Ice        #.....       9%          2    ##.....
 Corona                   Hex            #......      6%          1    None
 Portal Projectile        Hex/Tloc       #.....       17%         3    ###....
 Leda's Liquefaction      Hex/Erth       #.........   50%         4    ####...
 Inner Flame              Hex/Fire       #.......     17%         3    ###....
 Beastly Appendage        Tmut           #.....       6%          1    None
 Dazzling Spray           Conj/Hex       #.....       17%         3    ###....
 Summon Guardian Golem    Hex/Summ       ####....     1%          3    ###....


Dungeon Overview and Level Annotations

Branches:
Dungeon (12/15)            Temple (1/1) D:4            Lair (2/6) D:11
    Orc (1/2) D:11
  Swamp: Lair:2-4    Shoals: Lair:2-4     Snake: Lair:2-4    Spider: Lair:2-4

Altars:
Ashenzari
Cheibriados
Dithmenos
Elyvilon
Fedhas
Gozag
Hepliaklqana
Kikubaaqudgha
Makhleb
Nemelex Xobeh
Okawaru
Qazlal
Ru
Sif Muna
Trog
Uskayaw
Vehumet
Wu Jian
Xom
Yredelemnul
Zin
The Shining One

Annotations:
D:1 exclusion: downstairs
D:5 Menkaure
D:7 exclusion: 2 downstairs
Lair:1 exclusion: 2 downstairs


Innate Abilities, Weirdness & Mutations

You cannot wear armour.
You are incapable of wielding weapons or throwing items.
Your paws allow you to move quietly. (Stealth)
You have sharp claws.
You have razor-sharp teeth.
You have supernaturally acute eyesight. (SInv)
You are carnivorous and can eat meat at any time.
You cover ground quickly.
You are covered in thick fur. (AC +2)
You have a slow metabolism.
Your sharp claws are effective at attacking unaware monsters.


Message History

The catoblepas gores your lightning spire!!
Your lightning spire is destroyed!
The catoblepas breathes a plume of calcifying dust at you.
The blast of calcifying dust hits the plant.
The blast of calcifying dust hits you!
* * * LOW HITPOINT WARNING * * *
Casting: Summon Lightning Spire (safe; 2% risk of failure)
Confirm with . or Enter, or press ? or * to list all spells.
Aiming: Summon Lightning Spire (safe; 2% risk of failure)
Press: ? - help, Dir - move target cursor You miscast Summon Lightning Spire.
Sif Muna protects you from the effects of your miscast!
The catoblepas breathes a plume of calcifying dust at you.
The blast of calcifying dust hits you!
* * * LOW HITPOINT WARNING * * *
There is a stone staircase leading up, spattered with blood here.
You climb upwards.
Level annotation: exclusion: 2 downstairs
There is a stone staircase leading down here.
Are you sure you want to abandon this character and quit the game? (Confirm with "yes".)

.......# ##......#.....## #...
.......######.......#......###...
.#.#.......#..#.#.#..#......##...
.###.......#......#..##......#...
.###..#####......................
÷P##.###.##........#..##.........
.###..♣.##...#.♣.♣..#..#8........
.###...†....#.......#..#.........
.P##♣.>..+......@...#............
...#.....#..#....................
#...#.♣..#.....♣.♣.....#.........
#...##.###...#........##....##...
.........##...........###.####.##
.........###.##......#...........
......#..##...##.#....#####.#####
...........##.......##......# #
.............#.....######...# #


There were no monsters in sight!

Vanquished Creatures
  A black mamba (Lair:2)
  A yak (Lair:2)
  A bullfrog (Lair:1)
  An orc priest (D:8)
  A bullfrog skeleton (D:5)
  2 hound skeletons
  An ooze (D:5)
  3 leopard geckos
  2 orcs
  9 bats
  A giant cockroach (D:6)
  A goblin (D:3)
  2 hobgoblins
  A ball python (D:5)
  2 frilled lizards
  4 rats
  A fungus (D:2)
34 creatures vanquished.

Vanquished Creatures (collateral kills)
  A hydra (Lair:1)
  A centaur warrior (D:11)
  2 two-headed ogres
  An unseen horror (D:11)
  A centaur zombie (D:11)
  2 spiny frogs
  2 komodo dragons (Lair:1)
  The ghost of UranusSolar the Skirmisher, an amateur DrFi (D:6)
  A troll (D:11)
  2 hornets (D:9)
  7 hippogriffs
  33 yaks
  A basilisk (Lair:1)
  Grum (D:10)
  A steam dragon (D:9)
  A soldier ant (D:9)
  5 porcupines
  An ice beast (D:6)
  5 sky beasts
  3 orc warriors
  4 black bears
  5 ogres
  6 phantoms
  An eye of draining (D:11)
  11 wolves
  3 crocodiles (Lair:1)
  3 centaurs
  Blork the orc (D:6)
  A big kobold (D:8)
  10 bullfrogs
  2 wyvern zombies
  8 scorpions
  9 wights
  11 howler monkeys
  2 crimson imps
  A quasit (D:5)
  A bullfrog zombie (D:6)
  2 bullfrog skeletons
  9 orc priests
  Crazy Yiuf (D:3)
  4 hounds
  2 jellies
  2 iguanas
  2 centaur skeletons
  Natasha (thrice) (D:2)
  7 worker ants
  11 orc wizards
  A hound zombie (D:7)
  2 worker ant zombies
  16 adders
  5 shadow imps
  2 oozes
  An adder skeleton (D:7)
  An adder zombie (D:9)
  3 worms
  5 dart slugs
  A leopard gecko (D:9)
  38 orcs
  A giant cockroach (D:6)
  5 goblins
  7 hobgoblins
  7 kobolds
  5 quokkas
  2 bats
  A frilled lizard (D:2)
  A jackal zombie (D:7)
  A leopard gecko skeleton (D:7)
  3 rats
  A fungus (Lair:1)
303 creatures vanquished.

Vanquished Creatures (others)
  49 fungi
  12 plants
61 creatures vanquished.

Grand Total: 398 creatures vanquished

Notes
Turn   | Place    | Note
-------+----------+-------------------------------------------
     0 | D:1      | Htamos the Felid Summoner began the quest for the Orb.
     0 | D:1      | Reached XP level 1. HP: 7/7 MP: 4/4
   201 | D:1      | Reached XP level 2. HP: 8/11 MP: 4/6
   804 | D:1      | Learned a level 2 spell: Call Imp
  1345 | D:2      | Reached skill level 5 in Summonings
  1345 | D:2      | Reached XP level 3. HP: 10/14 MP: 0/7
  2026 | D:2      | Noticed Natasha
  2034 | D:2      | Killed Natasha
  2582 | D:2      | Noticed Natasha
  2717 | D:2      | Reached XP level 4. HP: 18/18 MP: 4/8
  2780 | D:2      | Learned a level 3 spell: Call Canine Familiar
  2813 | D:2      | Found a hazy altar of Hepliaklqana.
  3207 | D:2      | Killed Natasha
  3401 | D:2      | Noticed Natasha
  3406 | D:2      | Killed Natasha
  3789 | D:2      | Found a hazy altar of Hepliaklqana.
  3862 | D:3      | Found a runed door.
  3961 | D:3      | Found an ornate altar of the Wu Jian Council.
  3977 | D:3      | Reached skill level 6 in Summonings
  4026 | D:3      | Found a sacrificial altar of Ru.
  4520 | D:3      | Noticed a centaur
  4520 | D:3      | Noticed a bullfrog
  4810 | D:3      | Noticed Crazy Yiuf
  4848 | D:3      | Killed Crazy Yiuf
  4899 | D:4      | Found a staircase to the Ecumenical Temple.
  4920 | Temple   | Entered the Ecumenical Temple
  5215 | D:4      | Reached XP level 5. HP: 20/21 MP: 2/9
  5900 | D:4      | Reached skill level 7 in Summonings
  6231 | D:5      | Entered Level 5 of the Dungeon
  6424 | D:5      | Noticed a sky beast
  6451 | D:5      | Killed a sky beast
  6451 | D:5      | Gained mutation: You are covered in thick fur. (AC +2) [Felid growth]
  6451 | D:5      | Reached XP level 6. HP: 22/24 MP: 2/10
  6617 | D:5      | Found a sparkling altar of Nemelex Xobeh.
  7190 | D:5      | Reached skill level 8 in Summonings
  7568 | D:5      | Noticed Menkaure
  7685 | D:6      | You fall through a shaft!
  7702 | D:7      | Reached XP level 7. HP: 27/27 MP: 8/11
  7900 | D:6      | Found a burning altar of Makhleb.
  7925 | D:6      | Reached skill level 9 in Summonings
  7947 | D:6      | Found a runed door.
  7953 | D:6      | Noticed UranusSolar's ghost (amateur DrFi)
  8174 | D:6      | Found a white marble altar of Elyvilon.
  8175 | D:6      | Noticed Blork the orc
  8237 | D:6      | Killed Blork the orc
  8909 | D:6      | Killed UranusSolar's ghost
  9079 | D:7      | Reached skill level 10 in Summonings
  9085 | D:7      | Found a glowing golden altar of the Shining One.
  9090 | D:7      | Found a shadowy altar of Dithmenos.
  9101 | D:7      | Reached XP level 8. HP: 29/31 MP: 7/12
  9573 | D:6      | Learned a level 4 spell: Summon Lightning Spire
 10017 | D:7      | Found a shattered altar of Ashenzari.
 10161 | D:7      | Noticed a hippogriff
 10186 | D:7      | Killed a hippogriff
 10601 | D:8      | Noticed a hippogriff
 10616 | D:8      | Reached skill level 11 in Summonings
 11359 | D:8      | Killed a hippogriff
 11573 | D:8      | Reached skill level 12 in Summonings
 11650 | D:8      | Found a deep blue altar of Sif Muna.
 11656 | D:8      | Became a worshipper of Sif Muna the Loreminder
 11786 | D:8      | Found an iron altar of Okawaru.
 12242 | D:8      | Found a blossoming altar of Fedhas.
 12324 | D:9      | Found a bloodstained altar of Trog.
 12346 | D:9      | Reached XP level 9. HP: 34/34 MP: 13/13
 12648 | D:9      | Reached * piety under Sif Muna
 12654 | D:9      | Reached skill level 13 in Summonings
 12880 | D:9      | HP: 1/34 [steam dragon/ball of steam (21)]
 12881 | D:9      | Engulfed by a steam dragon's steam
 12882 | D:9      | Reached XP level 8. HP: -6/31 MP: 21/21
 13115 | D:9      | Noticed a hornet
 13116 | D:9      | Noticed a hornet
 13133 | D:9      | Reached skill level 1 in Fighting
 13296 | D:9      | Killed a hornet
 13584 | D:9      | Killed a hornet
 13647 | D:9      | Reached XP level 9. HP: 36/36 MP: 13/13
 13759 | D:9      | Noticed a two-headed ogre
 13811 | D:9      | Killed a two-headed ogre
 14037 | D:9      | Reached skill level 5 in Dodging
 14202 | D:10     | Entered Level 10 of the Dungeon
 14290 | D:10     | Noticed Grum
 14316 | D:10     | Killed Grum
 14815 | D:10     | Found a shimmering altar of Xom.
 14819 | D:10     | Found a shimmering altar of Xom.
 15053 | D:11     | Reached ** piety under Sif Muna
 15244 | D:11     | Found a staircase to the Lair.
 15502 | D:11     | Noticed an unseen horror
 15641 | D:11     | Killed an unseen horror
 15818 | D:11     | Noticed a two-headed ogre
 15857 | D:11     | Killed a two-headed ogre
 15857 | D:11     | Reached XP level 10. HP: 43/43 MP: 11/14
 15863 | D:11     | Reached skill level 14 in Summonings
 16055 | D:11     | Reached skill level 5 in Fighting
 16443 | D:11     | Found a staircase to the Orcish Mines.
 17199 | D:11     | Noticed a centaur warrior
 17209 | D:11     | Killed a centaur warrior
 17492 | Orc:1    | Entered Level 1 of the Orcish Mines
 17530 | Lair:1   | Entered Level 1 of the Lair of Beasts
 17813 | Lair:1   | Reached *** piety under Sif Muna
 18963 | Lair:1   | Noticed a spiny frog
 18973 | Lair:1   | Killed a spiny frog
 18973 | Lair:1   | Reached XP level 11. HP: 49/49 MP: 15/15
 19345 | Lair:2   | Noticed a catoblepas
 19396 | Lair:2   | Noticed a four-headed hydra
 19531 | Lair:2   | Noticed a seven-headed hydra
 19778 | Lair:1   | Killed a four-headed hydra
 20047 | Lair:1   | Slain by a komodo dragon
 20048 | Lair:1   | Reached XP level 10. HP: 0/46 MP: 21/23
 20126 | Lair:1   | Reached skill level 1 in Air Magic
 20189 | Lair:2   | Killed a black mamba
 20326 | Lair:2   | Noticed a spiny frog
 20369 | Lair:2   | Killed a spiny frog
 20559 | Lair:1   | Quit the game

Skill      XL: |  1  2  3  4  5  6  7  8  9 10 11 |
---------------+----------------------------------+-----
Summonings     | 5 6 7 8 10 12 13 14 | 14.6
Dodging        | 4 6 9 |  9.5
Fighting       | 2 4 6 |  6.8
Stealth        | 3 |  3.8
Air Magic      | 1 |  1.3
Spellcasting   | |  2.5

Action                   |  1- 3 |  4- 6 |  7- 9 | 10-12 || total
-------------------------+-------+-------+-------+-------++-------
Melee: Unarmed           |    44 |    81 |    81 |    32 ||   238
       Bite              |     3 |     9 |     4 |     6 ||    22
 Cast: Summon Small Mamm |    55 |    23 |    26 |     5 ||   109
       Call Imp          |    15 |    17 |    40 |    13 ||    85
       Call Canine Famil |       |    31 |   108 |    59 ||   198
       Summon Lightning  |       |       |    11 |    45 ||    56
Evoke: Wand              |       |       |     2 |     7 ||     9
       Box of beasts     |       |       |       |     2 ||     2
  Use: Scroll            |       |       |    22 |     2 ||    24
       Potion            |       |       |     5 |     5 ||    10
 Stab: Sleeping          |     3 |     8 |       |     1 ||    12
       Distracted        |       |     1 |     1 |     1 ||     3
       Petrified         |       |       |       |     1 ||     1
  Eat: Chunk             |    13 |    14 |    37 |    25 ||    89
Armor: Skin              |     6 |     5 |    12 |     1 ||    24
Dodge: Dodged            |    55 |    78 |   137 |   115 ||   385
